 Dungeon Crawl Stone Soup version 0.17.2-1-ge4368a0 (webtiles) character file.

26 Goblin1989 the Ducker (level 2, 0/21 HPs)
             Began as a Spriggan Gladiator on Sept 25, 2016.
             Slain by an orc
             ... wielding a +0 flail
              (1 damage)
             ... on level 3 of the Dungeon.
             The game lasted 00:06:58 (370 turns).

Goblin1989 the Ducker (Spriggan Gladiator)           Turns: 370, Time: 00:06:58

Health: 0/21       AC: 21    Str:  8 (11) XL:     2   Next: 89%
Magic:  3/3        EV:  4    Int:  9      God:
Gold:   12         SH:  0    Dex: 16      Spells: 0 memorised, 1 level left

rFire  . . .     SeeInvis +     b - +0 dagger (venom)
rCold  . . .     Clarity  .     (armour currently unavailable)
rNeg   + + +     SustAt   .     (shield restricted)
rPois  +         Gourm    .     (helmet currently unavailable)
rElec  .         Spirit   .     (cloak currently unavailable)
rCorr  .         Warding  .     (gloves unavailable)
rMut   .         NoTele   +     (boots unavailable)
MR     .....                    (no amulet)
Stlth  ++........               (no ring)
                                (no ring)

@: tree-form, not resistant to hostile enchantments, unstealthy
A: unfitting armour, see invisible, herbivore 3, (speed 0), slow metabolism 2
a: no special abilities


You were on level 3 of the Dungeon.
You were not hungry.
You were a tree.
You visited 1 branch of the dungeon, and saw 3 of its levels.

You collected 12 gold pieces.

Inventory:

Hand Weapons
 a - a +0 rapier
 b - a +0 dagger of venom (weapon)
Missiles
 d - 2 throwing nets (quivered)
Armour
 c - a +0 hat (melded)
 h - a +0 robe (melded)
Scrolls
 g - 2 scrolls of identify {unknown}
 i - 4 scrolls of remove curse {unknown}
 j - a scroll of enchant weapon {unknown}
Potions
 k - a potion of might {unknown}
Comestibles
 e - a bread ration


   Skills:
 - Level 1.5 Fighting
 * Level 3.8 Short Blades
 - Level 2.0 Throwing
 * Level 5.1 Dodging
 + Level 1.4 Stealth


You had one spell level left.
You didn't know any spells.

Dungeon Overview and Level Annotations

Branches:
Dungeon (3/15)

Altars:


Innate Abilities, Weirdness & Mutations

You are tiny and cannot use many weapons and most armour.
You have supernaturally acute eyesight.
You are a herbivore.
((You cover ground extremely quickly.))
You need consume almost no food.


Message History

The orc hits you with a flail.
* * * LOW HITPOINT WARNING * * *
You take 5 damage, and have 1/14 hp.
MASSIVE DAMAGE!!
Drink which item? (? for menu, Esc to quit)
It was a potion of degeneration.
There was something very wrong with that liquid.
You feel weakened.
Drink which item? (? for menu, Esc to quit)
It was a potion of lignification.
You turn into a tree.
Your +0 hat melds into your body.
Your +0 robe melds into your body.
Your roots penetrate the ground.
You now have 1/21 hp.
Throwing (i - inventory):
d - 3 throwing nets (quivered)
Press: ? - help, Shift-Dir - straight line, f - orc
Aim: an orc, wielding a flail You throw a throwing net.
The throwing net barely misses the orc.
The throwing net hits the quokka.
The quokka is caught in the net!
The quokka struggles against the net.
The orc hits you with a flail.
You die...

## ###.# .... #..#
#..# #..###########
###..#....r.o♣.#
####.......######.#
.....>.....+ # ###
>.........†##.#
...........<..#
....[......##.#
...g......... #
....#+######## ..##


You could see an orc and a quokka (caught).

Vanquished Creatures
  An adder (D:2)
  2 goblins (D:1)
  2 hobgoblins
  3 kobolds
  5 bats
  2 giant cockroaches (D:2)
  A rat (D:3)
16 creatures vanquished.

Notes
Turn   | Place    | Note
--------------------------------------------------------------
     0 | D:1      | Goblin1989 the Spriggan Gladiator began the quest for the Orb.
     0 | D:1      | Reached XP level 1. HP: 10/10 MP: 2/2
   188 | D:1      | Reached skill level 1 in Stealth
   210 | D:2      | jacquesderrida: Старушка Агния
   210 | D:2      | Reached XP level 2. HP: 11/14 MP: 3/3
   240 | D:2      | jacquesderrida: NETS
   243 | D:2      | Reached skill level 5 in Dodging
   245 | D:2      | jacquesderrida: Гремлин, главную фичу гладиаторов забываешь...
   250 | D:2      | jacquesderrida: >>>>>>>>>>>>>>>>>my mfw-face when NET-STABBING
   251 | D:2      | jacquesderrida: Very gud
   370 | D:3      | Slain by an orc

Action                   || total
-------------------------++-------
Melee: Dagger            ||    33
       Rapier            ||     6
Throw: Throwing net      ||     2
  Use: Potion            ||     3
 Stab: Sleeping          ||     2
       Held in net/web   ||     1
